 Dungeon Crawl Stone Soup version 0.27-a0-1196-g3e9cee4cb2 (webtiles) character file.

Game seed: 13319217537513192999

4988 Kinoniko the Cleaver (level 10, -10/123 HPs)
             Began as a Gnoll Berserker on May 29, 2021.
             Was an Elder of Trog.
             Mangled by a komodo dragon (19 damage)
             ... on level 9 of the Dungeon.
             The game lasted 00:14:23 (10476 turns).

Kinoniko the Cleaver (Gnoll Berserker)             Turns: 10476, Time: 00:14:23

Health: -10/123    AC: 17    Str: 22    XL:     10   Next: 54%
Magic:  0/18       EV: 10    Int: 13    God:    Trog [****..]
Gold:   567        SH:  0    Dex: 10    Spells: 19/19 levels left

rFire    . . .     SeeInvis .   v - +2 long sword "Bykhloc" {freeze, rElec rC+ Str+3}
rCold    + + .     Faith    .   (no shield)
rNeg     . . .     Spirit   +   n - +4 chain mail
rPois    .         Reflect  .   (helmet restricted)
rElec    +         Harm     .   b - +2 cloak {rCorr}
rCorr    +         Rampage  .   (no gloves)
Will     .....                  (no boots)
Stlth    ..........             f - amulet of guardian spirit
HPRegen  0.30/turn              t - +6 ring of intelligence
MPRegen  0.16/turn              r - ring of protection from cold

@: berserking, very quick
A: fangs 2, strong nose, distributed training, hooves 1, horns 1, clumsy 1,
deterioration 1
a: Renounce Religion, Berserk, Trog's Hand, Brothers in Arms


You were on level 9 of the Dungeon.
You worshipped Trog.
Trog was greatly pleased with you.
You visited 1 branch of the dungeon, and saw 9 of its levels.

You collected 567 gold pieces.

Inventory:

Hand Weapons
 u - a +1 halberd
 v - the +2 long sword "Bykhloc" (weapon) {freeze, rElec rC+ Str+3}
   (You found it on level 8 of the Dungeon)

   It has been specially enchanted to freeze those struck by it, causing extra
   injury to most foes and up to half again as much damage against particularly
   susceptible opponents.
   It can also slow down cold-blooded creatures.
   It affects your strength (+3).
   It protects you from cold.
   It insulates you from electricity.
 w - the +8 hunting sling "Kopuawur" {venom, rElec rF+ rC++ Will-}
   (You found it on level 6 of the Dungeon)

   It poisons the ammo it fires.
   It protects you from fire.
   It greatly protects you from cold.
   It insulates you from electricity.
   It decreases your willpower.
 A - a +2 broad axe of flaming
Missiles
 y - 49 sling bullets
 z - 210 stones
Armour
 b - a +2 cloak of preservation (worn)
 n - a +4 chain mail (worn)
Jewellery
 f - an amulet of guardian spirit (around neck)
 o - an amulet of reflection
 r - a ring of protection from cold (right hand)
 t - a +6 ring of intelligence (left hand)
Wands
 d - a wand of acid (12)
 k - a wand of charming (5)
 x - a wand of paralysis (4)
 B - a wand of iceblast (10)
Scrolls
 c - 5 scrolls of teleportation
 i - 4 scrolls of amnesia
 j - a scroll of brand weapon
 l - 2 scrolls of blinking
 p - 3 scrolls of fear
 q - 3 scrolls of fog
Potions
 a - a potion of cancellation {unknown}
 e - 4 potions of brilliance
 g - a potion of resistance
 h - 2 potions of curing
 m - 2 potions of haste


   Skills:
 + Level 8.5 Fighting
 + Level 5.3 Short Blades
 + Level 5.3 Long Blades
 + Level 8.5 Axes
 + Level 5.3 Maces & Flails
 + Level 5.3 Polearms
 + Level 5.3 Staves
 + Level 5.3 Slings
 + Level 5.3 Bows
 + Level 5.3 Crossbows
 + Level 5.3 Throwing
 + Level 7.1 Armour
 + Level 7.1 Dodging
 + Level 5.3 Stealth
 + Level 5.3 Shields
 + Level 5.3 Unarmed Combat
 + Level 5.3 Spellcasting
 + Level 4.4 Conjurations
 + Level 4.4 Hexes
 + Level 4.4 Summonings
 + Level 4.4 Necromancy
 + Level 4.4 Translocations
 + Level 4.4 Transmutations
 + Level 4.4 Fire Magic
 + Level 4.4 Ice Magic
 + Level 4.4 Air Magic
 + Level 4.4 Earth Magic
 + Level 4.4 Poison Magic
 + Level 5.9 Invocations
 + Level 5.3 Evocations


You had 19 spell levels left.
You didn't know any spells.
Your spell library was empty.

Dungeon Overview and Level Annotations

Branches:
Dungeon (9/15)             Temple (0/1) D:5            Lair (0/6) D:9
    Orc (0/2) D:9

Altars:
Ashenzari
Cheibriados
Fedhas
Hepliaklqana
Nemelex Xobeh
Qazlal
Sif Muna
Trog
Uskayaw

Shops:
D:8 *

Annotations:
D:7 4 runed translucent doors


Innate Abilities, Weirdness & Mutations

You have extremely sharp teeth.
Your uncanny sense of smell can sniff out nearby items.
Your experience applies equally to all skills.
You have large cloven feet.
You have a pair of small horns on your head.
You are clumsy. (Dex -2)
Your body sometimes deteriorates upon taking damage.


Message History

You slash the komodo dragon! You freeze the komodo dragon.
You kick the komodo dragon, but do no damage.
The komodo dragon is heavily wounded.
The komodo dragon bites you!
You hit the komodo dragon but do no damage.
You kick the komodo dragon, but do no damage.
You headbutt the komodo dragon, but do no damage.
The komodo dragon is heavily wounded.
The komodo dragon bites you but does no damage.
You slash the komodo dragon! You freeze the komodo dragon.
The komodo dragon is severely wounded.
The komodo dragon bites you!
You barely miss the komodo dragon. Your bite misses the komodo dragon.
The komodo dragon is severely wounded.
The komodo dragon bites you!!
You are too injured to fight recklessly!
You are too injured to fight recklessly!
You are too injured to fight recklessly!
You are too injured to fight recklessly!
You are too injured to fight recklessly!
You are too injured to fight recklessly!
You hit the komodo dragon. You freeze the komodo dragon.
You kick the komodo dragon. Your bite misses the komodo dragon.
The komodo dragon is severely wounded.
The komodo dragon bites you!!
* * * LOW HITPOINT WARNING * * *
You hit the komodo dragon but do no damage.
Your headbutt misses the komodo dragon.
The komodo dragon is severely wounded.
The komodo dragon bites you!
* * * LOW HITPOINT WARNING * * *
A red film seems to cover your vision as you go berserk!
You feel yourself moving faster!
You feel mighty!
The komodo dragon bites you but does no damage.
You hit the komodo dragon.
The komodo dragon seems to slow down.
You freeze the komodo dragon. Your kick misses the komodo dragon.
Your headbutt misses the komodo dragon.
The komodo dragon is almost dead.
The komodo dragon bites you!!
You die...

....... .......
.#..... .......
....... ... .......
....#########.......
............@l......
...........###......
..........## #......
..........# #.....#
###### #.........#
#.....##...PP##
#..)......#
#.....#...P.PP#
#.......##
#.....#......P#
#......##
#........P.>.P#
##.....###
#........P...P#


You could see a komodo dragon (slow).

Vanquished Creatures
  Maggie (D:8)
  6 yaks (D:7)
  2 wyverns
  2 steam dragons (D:8)
  Duvessa (D:6)
  A water moccasin (D:6)
  An ice beast (D:7)
  A sky beast (D:7)
  A black bear (D:5)
  2 necrophages
  7 bullfrogs
  4 scorpions
  A wyvern zombie (D:8)
  A gnoll sergeant (D:9)
  Dowan (D:6)
  2 water moccasin zombies
  2 water moccasin skeletons
  10 killer bees
  8 wights
  A bullfrog zombie (D:5)
  A jelly (D:5)
  4 hounds
  6 orc priests
  A centaur skeleton (D:7)
  An iguana (D:5)
  5 orc wizards
  A hound skeleton (D:5)
  7 gnolls
  A howler monkey zombie (D:8)
  A howler monkey skeleton (D:5)
  6 adders
  A river rat (D:5)
  A white imp (D:5)
  A dart slug (D:2)
  22 orcs
  13 ball pythons
  4 bats
  8 endoplasms
  3 giant cockroaches
  4 hobgoblins
  3 quokkas
  4 frilled lizards
  7 goblins
  3 kobolds
  10 rats
  A bush (D:2)
174 creatures vanquished.

Vanquished Creatures (others)
  A bullfrog (D:8)
  A howler monkey (D:8)
  27 plants
29 creatures vanquished.

Grand Total: 203 creatures vanquished

Notes
Turn   | Place    | Note
-------+----------+-------------------------------------------
     0 | D:1      | Kinoniko the Gnoll Berserker began the quest for the Orb.
     0 | D:1      | Reached XP level 1. HP: 23/23 MP: 1/1
   262 | D:1      | Reached XP level 2. HP: 29/29 MP: 2/2
   639 | D:1      | Found a faded altar of an unknown god.
   653 | D:1      | Reached XP level 3. HP: 35/35 MP: 3/3
  1126 | D:2      | Reached skill level 1 in Invocations
  1277 | D:2      | Reached skill level 1 in Short Blades
  1277 | D:2      | Reached skill level 1 in Long Blades
  1277 | D:2      | Reached skill level 1 in Maces & Flails
  1277 | D:2      | Reached skill level 1 in Polearms
  1277 | D:2      | Reached skill level 1 in Staves
  1277 | D:2      | Reached skill level 1 in Slings
  1277 | D:2      | Reached skill level 1 in Bows
  1277 | D:2      | Reached skill level 1 in Crossbows
  1277 | D:2      | Reached skill level 1 in Throwing
  1277 | D:2      | Reached skill level 1 in Stealth
  1277 | D:2      | Reached skill level 1 in Shields
  1277 | D:2      | Reached skill level 1 in Unarmed Combat
  1277 | D:2      | Reached skill level 1 in Spellcasting
  1277 | D:2      | Reached skill level 1 in Evocations
  1289 | D:2      | Reached ** piety under Trog
  1290 | D:2      | Reached XP level 4. HP: 24/41 MP: 5/5
  2323 | D:3      | Reached skill level 1 in Conjurations
  2323 | D:3      | Reached skill level 1 in Hexes
  2323 | D:3      | Reached skill level 1 in Summonings
  2323 | D:3      | Reached skill level 1 in Necromancy
  2323 | D:3      | Reached skill level 1 in Translocations
  2323 | D:3      | Reached skill level 1 in Transmutations
  2323 | D:3      | Reached skill level 1 in Fire Magic
  2323 | D:3      | Reached skill level 1 in Ice Magic
  2323 | D:3      | Reached skill level 1 in Air Magic
  2323 | D:3      | Reached skill level 1 in Earth Magic
  2323 | D:3      | Reached skill level 1 in Poison Magic
  2451 | D:3      | Found a blossoming altar of Fedhas.
  3294 | D:4      | Reached XP level 5. HP: 47/47 MP: 4/6
  4138 | D:5      | Entered Level 5 of the Dungeon
  4341 | D:5      | Reached XP level 6. HP: 52/53 MP: 8/8
  4449 | D:5      | Found a staircase to the Ecumenical Temple.
  4528 | D:5      | Reached skill level 5 in Armour
  4528 | D:5      | Reached skill level 5 in Dodging
  4538 | D:5      | Reached *** piety under Trog
  4571 | D:5      | Noticed a necrophage
  4578 | D:5      | Killed a necrophage
  4608 | D:5      | Gained mutation: You are clumsy. (Dex -2) [potion of
                  | mutation]
  4608 | D:5      | Gained mutation: Your body sometimes deteriorates upon
                  | taking damage. [potion of mutation]
  4616 | D:5      | Reached XP level 7. HP: 34/60 MP: 5/10
  4981 | D:5      | Lost mutation: Your body sometimes deteriorates upon taking
                  | damage. [potion of mutation]
  4981 | D:5      | Gained mutation: You have large cloven feet. [potion of
                  | mutation]
  4981 | D:5      | Gained mutation: Your body sometimes deteriorates upon
                  | taking damage. [potion of mutation]
  4981 | D:5      | Gained mutation: You have a pair of small horns on your
                  | head. [potion of mutation]
  4981 | D:5      | Gained mutation: You have extremely sharp teeth. [potion of
                  | mutation]
  5362 | D:5      | Found a snail-covered altar of Cheibriados.
  5467 | D:6      | Reached XP level 8. HP: 43/67 MP: 8/12
  5476 | D:6      | Noticed Duvessa
  5477 | D:6      | Found a sparkling altar of Nemelex Xobeh.
  5695 | D:6      | Noticed Dowan
  5699 | D:6      | Killed Duvessa
  5716 | D:6      | Killed Dowan
  5864 | D:6      | Identified the +8 hunting sling "Kopuawur" {venom, rElec
                  | rF+ rC++ Will-}
  6678 | D:7      | Found a huge runed translucent gate.
  6678 | D:7      | Found a huge runed translucent gate.
  6678 | D:7      | Found a huge runed translucent gate.
  6678 | D:7      | Found a huge runed translucent gate.
  6678 | D:7      | Noticed a polar bear
  6678 | D:7      | Noticed a dream sheep
  6678 | D:7      | Noticed a yak
  6678 | D:7      | Noticed a wyvern
  6678 | D:7      | Noticed a wyvern
  6678 | D:7      | Noticed a wyvern
  6678 | D:7      | Noticed a yak
  6678 | D:7      | Noticed a polar bear
  6679 | D:7      | Noticed a polar bear
  6679 | D:7      | Noticed a wyvern
  6679 | D:7      | Noticed a polar bear
  6679 | D:7      | Noticed a polar bear
  6727 | D:7      | Noticed a yak
  6728 | D:7      | Noticed a yak
  6728 | D:7      | Noticed a yak
  6728 | D:7      | Noticed a yak
  6730 | D:7      | Noticed a yak
  6733 | D:7      | Noticed a yak
  6735 | D:7      | Killed a yak
  6736 | D:7      | Reached XP level 9. HP: 73/73 MP: 14/14
  7030 | D:7      | Found a broken altar of Ashenzari.
  7040 | D:7      | Reached skill level 5 in Invocations
  7941 | D:8      | Found a hide-covered altar of Uskayaw.
  7944 | D:8      | Found a bloodstained altar of Trog.
  7950 | D:8      | Found a hazy altar of Hepliaklqana.
  7951 | D:8      | Found a shimmering blue altar of Sif Muna.
  7952 | D:8      | Found a stormy altar of Qazlal.
  8131 | D:8      | Reached XP level 10. HP: 80/80 MP: 17/17
  8213 | D:8      | Identified the +2 long sword "Bykhloc" {freeze, rElec rC+
                  | Str+3}
  8392 | D:8      | Noticed Maggie
  8397 | D:8      | Reached **** piety under Trog
  8401 | D:8      | Killed Maggie
  8402 | D:8      | Reached skill level 5 in Short Blades
  8402 | D:8      | Reached skill level 5 in Long Blades
  8402 | D:8      | Reached skill level 5 in Maces & Flails
  8402 | D:8      | Reached skill level 5 in Polearms
  8402 | D:8      | Reached skill level 5 in Staves
  8402 | D:8      | Reached skill level 5 in Slings
  8402 | D:8      | Reached skill level 5 in Bows
  8402 | D:8      | Reached skill level 5 in Crossbows
  8402 | D:8      | Reached skill level 5 in Throwing
  8402 | D:8      | Reached skill level 5 in Stealth
  8402 | D:8      | Reached skill level 5 in Shields
  8402 | D:8      | Reached skill level 5 in Unarmed Combat
  8402 | D:8      | Reached skill level 5 in Spellcasting
  8402 | D:8      | Reached skill level 5 in Evocations
  8484 | D:8      | Identified the +0 robe of Ru's Wrath {rF+ Will+ rCorr
                  | Slay+2}
  8508 | D:8      | Found Dezuxe's Demolitions Depot.
  9825 | D:9      | Found a staircase to the Lair.
 10153 | D:9      | Found a staircase to the Orcish Mines.
 10476 | D:9      | Mangled by a komodo dragon

Illustrated notes

Levels and vault maps discovered:
D:1:      wander_arrival_desolate, layout_rooms,
          hellmonk_ecumenical_altar_arch_garden, serial_curves, eino_curves_02,
          eino_curves_01, eino_curves_04, chequers_arboretum
D:2:      layout_rooms, serial_forest, infiniplex_forest_3_way,
          infiniplex_forest_corner_2, infiniplex_forest_clump_medium,
          infiniplex_forest_clump_tiny, infiniplex_forest_lined_room_2,
          infiniplex_forest_pool, infiniplex_forest_clump_long,
          infiniplex_forest_end_1, infiniplex_forest_end_2
D:3:      layout_basic, overflow_temple_1_default, grunt_ministairs_14
D:4:      layout_layer_cave
D:5:      layout_gridville, marbit_many_paths, minmay_temple_entry_sparse_star,
          portal_sewer_entry_b, minmay_between
D:6:      layout_rooms, nemelex_xobeh_ov_fountains_minmay, due_unseen_surprise,
          uniq_duvessa
D:7:      lemuel_bear_cage, layout_loops_cross, nicolae_ashenzari_skybound
D:8:      layout_loops_ring, minitemple, nicolae_blasting_shop, minivault_11,
          minmay_misc_feat_x, grunt_decor_mini_mirrors, lemuel_flamethrower_2,
          uniq_maggie
D:9:      layout_cave_pods, lemuel_tele_altar, david_lair_shrubbed, orc_0_dummy,
          serial_glass, glass_columns_a, glass_columns_c

Skill      XL: |  1  2  3  4  5  6  7  8  9 10 |
---------------+-------------------------------+-----
Invocations    | 1 2 3 4 5 |  5.9
Short Blades   | 1 2 3 4 5 |  5.3
Long Blades    | 1 2 3 4 5 |  5.3
Maces & Flails | 1 2 3 4 5 |  5.3
Polearms       | 1 2 3 4 5 |  5.3
Staves         | 1 2 3 4 5 |  5.3
Slings         | 1 2 3 4 5 |  5.3
Bows           | 1 2 3 4 5 |  5.3
Crossbows      | 1 2 3 4 5 |  5.3
Throwing       | 1 2 3 4 5 |  5.3
Stealth        | 1 2 3 4 5 |  5.3
Shields        | 1 2 3 4 5 |  5.3
Unarmed Combat | 1 2 3 4 5 |  5.3
Spellcasting   | 1 2 3 4 5 |  5.3
Evocations     | 1 2 3 4 5 |  5.3
Conjurations   | 1 2 3 4 |  4.4
Hexes          | 1 2 3 4 |  4.4
Summonings     | 1 2 3 4 |  4.4
Necromancy     | 1 2 3 4 |  4.4
Translocations | 1 2 3 4 |  4.4
Transmutations | 1 2 3 4 |  4.4
Fire Magic     | 1 2 3 4 |  4.4
Ice Magic      | 1 2 3 4 |  4.4
Air Magic      | 1 2 3 4 |  4.4
Earth Magic    | 1 2 3 4 |  4.4
Poison Magic   | 1 2 3 4 |  4.4
Armour         | 5 6 7 |  7.1
Dodging        | 5 6 7 |  7.1
Fighting       | 7 8 |  8.5
Axes           | 7 8 |  8.5

Action                   |  1- 3 |  4- 6 |  7- 9 | 10-12 || total
-------------------------+-------+-------+-------+-------++-------
Melee: Mace              |    79 |   167 |       |       ||   246
       Hand axe          |     5 |       |       |       ||     5
       Bite              |     6 |    29 |    16 |    12 ||    63
       Punch             |       |     1 |       |     1 ||     2
       Halberd           |       |    45 |   205 |     9 ||   259
       Kick              |       |       |    46 |    43 ||    89
       Headbutt          |       |       |    27 |    18 ||    45
       Long sword        |       |       |       |   109 ||   109
 Fire: Hunting sling     |       |       |    30 |       ||    30
Invok: Berserk           |     3 |     5 |     7 |     9 ||    24
       Trog's Hand       |       |       |     1 |       ||     1
  Use: Scroll            |       |    12 |     6 |     2 ||    20
       Potion            |       |     7 |     2 |     1 ||    10
Armor: Animal skin       |    24 |    11 |       |       ||    35
       Chain mail        |       |    73 |   161 |    84 ||   318
       Skin              |       |     4 |    11 |       ||    15
Dodge: Dodged            |    86 |    79 |   102 |    89 ||   356
       Rpst.: Long sword |       |       |       |    20 ||    20

Table legend: (Time is in decaauts)
 A = Elapsed time spent in this place.
 B = Non-inter-level travel time spent in this place.
 C = Inter-level travel time spent in this place.
 D = Time resting spent in this place.
 E = Time spent auto-exploring this place.
 F = Levels seen in this place.
 G = Mean time per level.
                   A        B        C        D        E       F      G
               +--------+--------+--------+--------+--------+-----+--------+
         Total |  10845 |  10379 |    466 |   2943 |   5949 |   9 | 1205.0 |
       Dungeon |  10845 |  10379 |    466 |   2943 |   5949 |   9 | 1205.0 |
               +--------+--------+--------+--------+--------+-----+--------+

Top non-repeatable levels by time:
     D:8: 1857 daAuts
     D:5: 1639 daAuts
     D:4: 1273 daAuts
     D:1: 1149 daAuts
     D:2: 1135 daAuts
     D:7: 1110 daAuts
     D:9: 991 daAuts
     D:3: 902 daAuts
     D:6: 784 daAuts
